| TOP OF THE 1ST |
|---|
| Duke Blue Devils batting - Pitching for LSU Tigers : RHP Noah Sedgwick | | Pitching: RHP Noah Sedgwick | | | Batting: RHB David Flores | 0-0: Ball 1-0: Ground out 4-3 (Groundball, 4) | | Batting: LHB Roy Hartford | 0-0: Called Strike 0-1: Swinging Strike 0-2: Ball 1-2: Strikes out swinging | | Batting: SHB Aaron LaRue | 0-0: Called Strike 0-1: Ball 1-1: Called Strike 1-2: Ball 2-2: Foul Ball, location: 2F 2-2: Strikes out swinging | | Top of the 1st over - 0 runs, 0 hits, 0 errors, 0 left on base; Duke 0 - LSU 0 | | BOTTOM OF THE 1ST |
|---|
| LSU Tigers batting - Pitching for Duke Blue Devils : RHP Geoff Keller | | Pitching: RHP Geoff Keller | | | Batting: SHB Joseph Warf | 0-0: Ball 1-0: Ball 2-0: Called Strike 2-1: Swinging Strike 2-2: Ball 3-2: Foul Ball, location: 2F 3-2: Foul Ball, location: 2F 3-2: Foul Ball, location: 2F 3-2: Foul Ball, location: 2F 3-2: Base on Balls | | Batting: LHB Jayden Watson | 0-0: Ball 1-0: Ball 2-0: Called Strike 2-1: DOUBLE (Line Drive, 9LM) Joseph Warf to third | | Batting: RHB Corey Jenne | 0-0: Ball 1-0: Called Strike 1-1: Ball 2-1: Called Strike 2-2: Ball 3-2: Strikes out looking | | Batting: RHB Kevin Richardson | 0-0: Foul Ball, location: 2F 0-1: Ball 1-1: Foul Ball, location: 2F 1-2: Ball 2-2: Foul Ball, location: 2F 2-2: Foul Ball, location: 2F 2-2: Ball 3-2: Fly out, F9 (Flyball, 9) | | Batting: LHB Nate Gager | 0-0: Called Strike 0-1: Foul Ball, location: 2F 0-2: Ball 1-2: Foul Ball, location: 2F 1-2: Ball 2-2: Ball 3-2: DOUBLE (Line Drive, 7D) Joseph Warf scores Jayden Watson scores | | Batting: RHB Travis Schatz | 0-0: Ball 1-0: Called Strike 1-1: Called Strike 1-2: SINGLE (Line Drive, 7LM) Nate Gager to third Runner from 3rd tries for Home, SAFE, no throw | | Batting: RHB Kevin Groce | 0-0: Ball 1-0: Ball 2-0: Ball 3-0: Base on Balls Travis Schatz to second | | Batting: RHB Chris Reynolds | 0-0: Called Strike 0-1: Foul Ball, location: 2F 0-2: SINGLE (Groundball, 34D) Travis Schatz to third Kevin Groce to second Runner from 3rd tries for Home, throw and OUT! | | Bottom of the 1st over - 3 runs, 4 hits, 0 errors, 2 left on base; Duke 0 - LSU 3 | | TOP OF THE 2ND |
|---|
| Duke Blue Devils batting - Pitching for LSU Tigers : RHP Noah Sedgwick | | Batting: LHB Steve Lanier | 0-0: SINGLE (Groundball, 6MD) | | Batting: LHB Tim Witherell | 0-0: Called Strike 0-1: Ball 1-1: Foul Ball, location: 2F 1-2: Strikes out swinging | | Batting: SHB Joe Collins | 0-0: Ball 1-0: Swinging Strike 1-1: Called Strike 1-2: Foul Ball, location: 2F 1-2: Ball 2-2: SINGLE (Line Drive, 6M) Steve Lanier to second | | Batting: LHB Dave Kelly | 0-0: Called Strike 0-1: SINGLE (Line Drive, 78S) Steve Lanier to third Joe Collins to second Runner from 3rd tries for Home, SAFE, no throw | | Batting: RHB Dustin Blair | 0-0: Foul Ball, location: 2F 0-1: Ball 1-1: Foul Ball, location: 2F 1-2: SINGLE (Flyball, 9LS) Joe Collins to third Dave Kelly to second | | Batting: RHB Joey Villicana | 0-0: Swinging Strike 0-1: Foul Ball, location: 2F 0-2: Ball 1-2: Ball 2-2: Strikes out swinging | | Batting: RHB David Flores | 0-0: Ball 1-0: Ball 2-0: Ball 3-0: Called Strike 3-1: Swinging Strike 3-2: Base on Balls Joe Collins scores Dave Kelly to third Dustin Blair to second | | Batting: LHB Roy Hartford | 0-0: Ball 1-0: SINGLE (Line Drive, 8LS) Dave Kelly scores Dustin Blair to third David Flores to second Runner from 3rd tries for Home, SAFE, no throw | | Batting: SHB Aaron LaRue | 0-0: Reached on error, E6 (Groundball, 6S) David Flores scores Roy Hartford to third | | Batting: LHB Steve Lanier | 0-0: Reached via error on a dropped throw, E3 Roy Hartford scores Aaron LaRue to third | | Batting: LHB Tim Witherell | 0-0: Ball 1-0: Ball 2-0: Foul Ball, location: 2F 2-1: Foul Ball, location: 2F 2-2: Foul Ball, location: 2F 2-2: Ball 3-2: SINGLE (Line Drive, 8RS) Aaron LaRue scores Steve Lanier to second Steve Lanier to third | | Batting: SHB Joe Collins | 0-0: Ball 1-0: Ball 2-0: Called Strike 2-1: Ball 3-1: Called Strike 3-2: Strikes out swinging | | Top of the 2nd over - 7 runs, 6 hits, 2 errors, 2 left on base; Duke 7 - LSU 3 | | BOTTOM OF THE 2ND |
|---|
| LSU Tigers batting - Pitching for Duke Blue Devils : RHP Geoff Keller | | Batting: RHB Tommy McLaughlin | 0-0: Swinging Strike 0-1: Foul Ball, location: 2F 0-2: Ball 1-2: Strikes out swinging | | Batting: SHB Joseph Warf | 0-0: Ball 1-0: Ball 2-0: Fly out, F5 (Popup, 56) | | Batting: LHB Jayden Watson | 0-0: Ground out 5-3 (Groundball, 56) | | Bottom of the 2nd over - 0 runs, 0 hits, 0 errors, 0 left on base; Duke 7 - LSU 3 | | TOP OF THE 3RD |
|---|
| Duke Blue Devils batting - Pitching for LSU Tigers : RHP Noah Sedgwick | | Batting: LHB Dave Kelly | 0-0: Foul Ball, location: 2F 0-1: Foul Ball, location: 2F 0-2: Ball 1-2: Ground out U3 (Groundball, 34) | | Batting: RHB Dustin Blair | 0-0: Called Strike 0-1: Called Strike 0-2: Strikes out swinging | | Batting: RHB Joey Villicana | 0-0: Called Strike 0-1: Ball 1-1: Swinging Strike 1-2: Fly out, F9 (Line Drive, 9S) | | Top of the 3rd over - 0 runs, 0 hits, 0 errors, 0 left on base; Duke 7 - LSU 3 | | BOTTOM OF THE 3RD |
|---|
| LSU Tigers batting - Pitching for Duke Blue Devils : RHP Geoff Keller | | Batting: RHB Corey Jenne | 0-0: Ball 1-0: Ball 2-0: Ball 3-0: Foul Ball, location: 2F 3-1: Base on Balls | | Batting: RHB Kevin Richardson | 0-0: Ball 1-0: Ball 2-0: Ball 3-0: Base on Balls Corey Jenne to second | | Batting: LHB Nate Gager | 0-0: Hit by Pitch Corey Jenne to third Kevin Richardson to second | | Batting: RHB Travis Schatz | 0-0: Called Strike 0-1: Swinging Strike 0-2: Ball 1-2: Foul Ball, location: 2F 1-2: SINGLE (Line Drive, 89M) Corey Jenne scores Kevin Richardson to third Nate Gager to second | | Batting: RHB Kevin Groce | 0-0: SINGLE (Groundball, 6MD) Kevin Richardson scores Nate Gager to third Travis Schatz to second | | Batting: RHB Chris Reynolds | 0-0: Ball 1-0: Swinging Strike 1-1: Ball 2-1: Ball 3-1: Base on Balls Nate Gager scores Travis Schatz to third Kevin Groce to second | | Batting: RHB Tommy McLaughlin | 0-0: Called Strike 0-1: Called Strike 0-2: Grounds into double play, 6-4-3 (Groundball, 6) Travis Schatz scores Kevin Groce to third | | Batting: SHB Joseph Warf | 0-0: Called Strike 0-1: Called Strike 0-2: Foul Ball, location: 2F 0-2: Foul Ball, location: 2F 0-2: Strikes out swinging | | Bottom of the 3rd over - 4 runs, 2 hits, 0 errors, 1 left on base; Duke 7 - LSU 7 | | TOP OF THE 4TH |
|---|
| Duke Blue Devils batting - Pitching for LSU Tigers : RHP Noah Sedgwick | | Batting: RHB David Flores | 0-0: Ball 1-0: Called Strike 1-1: Ground out 5-3 (Groundball, 56S) | | Batting: LHB Roy Hartford | 0-0: Ball 1-0: Ball 2-0: Ball 3-0: Called Strike 3-1: Base on Balls | | Batting: SHB Aaron LaRue | 0-0: Ball 1-0: Ball 2-0: Foul Ball, location: 2F 2-1: Fly out, F3 (Popup, 3SF) | | Batting: LHB Steve Lanier | 0-0: Called Strike Roy Hartford steals 2nd base 0-1: SINGLE (Line Drive, 9LM) Roy Hartford to third Runner from 3rd tries for Home, SAFE, no throw | | Batting: LHB Tim Witherell | 0-0: Called Strike 0-1: Swinging Strike 0-2: Foul Ball, location: 2F 0-2: Ball 1-2: Fly out, F7 (Flyball, 7S) | | Top of the 4th over - 1 run, 1 hit, 0 errors, 1 left on base; Duke 8 - LSU 7 | | BOTTOM OF THE 4TH |
|---|
| LSU Tigers batting - Pitching for Duke Blue Devils : RHP Geoff Keller | | Batting: LHB Jayden Watson | 0-0: Called Strike 0-1: Swinging Strike 0-2: Ground out 3-1 (Groundball, 34S) | | Batting: RHB Corey Jenne | 0-0: Called Strike 0-1: DOUBLE (Line Drive, 9LM) | | Batting: RHB Kevin Richardson | 0-0: Ball 1-0: Foul Ball, location: 2F 1-1: 2-RUN HOME RUN (Flyball, 7LD), Distance : 383 ft | | Batting: LHB Nate Gager | 0-0: Ball 1-0: Ground out 4-3 (Groundball, 4) | | Batting: RHB Travis Schatz | 0-0: Ball 1-0: Ball 2-0: Ball 3-0: Called Strike 3-1: Foul Ball, location: 2F 3-2: Base on Balls | | Batting: RHB Kevin Groce | 0-0: Called Strike 0-1: Ground out 1-3 (Groundball, 15) | | Bottom of the 4th over - 2 runs, 2 hits, 0 errors, 1 left on base; Duke 8 - LSU 9 | | TOP OF THE 5TH |
|---|
| Duke Blue Devils batting - Pitching for LSU Tigers : RHP Noah Sedgwick | | Batting: SHB Joe Collins | 0-0: Fly out, F9 (Flyball, 9) | | Batting: LHB Dave Kelly | 0-0: Ball 1-0: Ball 2-0: Called Strike 2-1: Foul Ball, location: 2F 2-2: Foul Ball, location: 2F 2-2: Foul Ball, location: 2F 2-2: Ball 3-2: Base on Balls | | Batting: RHB Dustin Blair | 0-0: Ball 1-0: Ball 2-0: Grounds into double play, 4-6-3 (Groundball, 34) | | Top of the 5th over - 0 runs, 0 hits, 0 errors, 0 left on base; Duke 8 - LSU 9 | | BOTTOM OF THE 5TH |
|---|
| LSU Tigers batting - Pitching for Duke Blue Devils : RHP Geoff Keller | | Batting: RHB Chris Reynolds | 0-0: Called Strike 0-1: Bunt missed! 0-2: Foul Ball, location: 2F 0-2: Fly out, F9 (Flyball, 9LSF) | | Batting: RHB Tommy McLaughlin | 0-0: Called Strike 0-1: Ball 1-1: Foul Ball, location: 2F 1-2: Ball 2-2: Strikes out looking | | Batting: SHB Joseph Warf | 0-0: SINGLE (Groundball, 6D) | | Batting: LHB Jayden Watson | 0-0: Called Strike 0-1: Ball 1-1: SINGLE (Groundball, 6S) (infield hit) Joseph Warf to second | | Pitching: RHP Dusty Hall | | | Batting: RHB Corey Jenne | 0-0: Swinging Strike 0-1: Fielders Choice at 2nd, 5-4 (Groundball, 56) | | Bottom of the 5th over - 0 runs, 2 hits, 0 errors, 2 left on base; Duke 8 - LSU 9 | | TOP OF THE 6TH |
|---|
| Duke Blue Devils batting - Pitching for LSU Tigers : RHP Noah Sedgwick | | Batting: RHB Joey Villicana | 0-0: Ball 1-0: Ball 2-0: Foul Ball, location: 2F 2-1: Called Strike 2-2: Strikes out swinging | | Batting: RHB David Flores | 0-0: Ball 1-0: Swinging Strike 1-1: Foul Ball, location: 2F 1-2: Foul Ball, location: 2F 1-2: Foul Ball, location: 2F 1-2: Ball 2-2: Ground out 3-1 (Groundball, 34) | | Batting: LHB Roy Hartford | 0-0: Ball 1-0: SINGLE (Line Drive, 6MD) | | Pitching: LHP Evan Schultz | | | Batting: SHB Aaron LaRue | 0-0: Called Strike 0-1: Ball 1-1: Ball Roy Hartford is caught stealing 2nd base | | Top of the 6th over - 0 runs, 1 hit, 0 errors, 0 left on base; Duke 8 - LSU 9 | | BOTTOM OF THE 6TH |
|---|
| LSU Tigers batting - Pitching for Duke Blue Devils : RHP Dusty Hall | | Batting: RHB Kevin Richardson | 0-0: SINGLE (Groundball, 6MD) | | Batting: LHB Nate Gager | 0-0: Called Strike 0-1: Swinging Strike 0-2: Fly out, F9 (Flyball, 9S) | | Batting: RHB Travis Schatz | 0-0: Ball 1-0: Ball 2-0: Foul Ball, location: 2F 2-1: Ball 3-1: SINGLE (Line Drive, 9LS) Kevin Richardson to second Runner from 2nd tries for 3rd, SAFE, no throw | | Batting: RHB Kevin Groce | 0-0: Called Strike 0-1: Foul Ball, location: 2F 0-2: Ball 1-2: Reached on error, E3 (Groundball, 3L) Kevin Richardson scores Travis Schatz to second | | Batting: RHB Chris Reynolds | 0-0: SINGLE (Flyball, 8LS) Travis Schatz to third Kevin Groce to second | | Batting: RHB Tommy McLaughlin | 0-0: Swinging Strike 0-1: Called Strike 0-2: Grounds into fielders choice 4-2 (Groundball, 4) Kevin Groce to third Chris Reynolds to second | | Batting: SHB Joseph Warf | 0-0: Ball 1-0: Ball 2-0: Called Strike 2-1: Called Strike 2-2: Ball 3-2: Foul Ball, location: 2F 3-2: Fly out, F9 (Flyball, 9) | | Bottom of the 6th over - 1 run, 3 hits, 1 error, 3 left on base; Duke 8 - LSU 10 | | TOP OF THE 7TH |
|---|
| Duke Blue Devils batting - Pitching for LSU Tigers : LHP Evan Schultz | | Batting: SHB Aaron LaRue | 0-0: Called Strike 0-1: Ball 1-1: Called Strike 1-2: Foul Ball, location: 2F 1-2: Strikes out swinging | | Batting: LHB Steve Lanier | 0-0: Called Strike 0-1: Called Strike 0-2: Strikes out looking | | Batting: LHB Tim Witherell | 0-0: Ground out 6-3 (Groundball, 6) | | Top of the 7th over - 0 runs, 0 hits, 0 errors, 0 left on base; Duke 8 - LSU 10 | | BOTTOM OF THE 7TH |
|---|
| LSU Tigers batting - Pitching for Duke Blue Devils : RHP Dusty Hall | | Batting: LHB Jayden Watson | 0-0: Called Strike 0-1: Ball 1-1: DOUBLE (Line Drive, 8RD) | | Batting: RHB Corey Jenne | 0-0: Called Strike 0-1: Ball 1-1: Ball 2-1: DOUBLE (Line Drive, 7LS) Jayden Watson scores | | Pitching: RHP Mike Jennings | | | Batting: RHB Kevin Richardson | 0-0: Ball 1-0: Called Strike 1-1: Ground out 5-3 (Groundball, 56S) Corey Jenne to third | | Batting: LHB Nate Gager | 0-0: Ball 1-0: Called Strike 1-1: Ground out 4-3 (Groundball, 4) | | Batting: RHB Travis Schatz | 0-0: Ball 1-0: Ball 2-0: Called Strike 2-1: Swinging Strike 2-2: Foul Ball, location: 2F 2-2: Foul Ball, location: 2F 2-2: Ball 3-2: Strikes out swinging | | Bottom of the 7th over - 1 run, 2 hits, 0 errors, 1 left on base; Duke 8 - LSU 11 | | TOP OF THE 8TH |
|---|
| Duke Blue Devils batting - Pitching for LSU Tigers : LHP Evan Schultz | | Now in LF: Jose Chavez | | | Batting: SHB Joe Collins | 0-0: Ground out 5-3 (Groundball, 56S) | | Batting: LHB Dave Kelly | 0-0: Ball 1-0: Ball 2-0: Called Strike 2-1: Swinging Strike 2-2: Strikes out swinging | | Batting: RHB Dustin Blair | 0-0: Called Strike 0-1: Swinging Strike 0-2: Ball 1-2: Ball 2-2: Strikes out swinging | | Top of the 8th over - 0 runs, 0 hits, 0 errors, 0 left on base; Duke 8 - LSU 11 | | BOTTOM OF THE 8TH |
|---|
| LSU Tigers batting - Pitching for Duke Blue Devils : RHP Mike Jennings | | Batting: RHB Kevin Groce | 0-0: Swinging Strike 0-1: Ball 1-1: Foul Ball, location: 2F 1-2: Ball 2-2: Strikes out swinging | | Batting: RHB Chris Reynolds | 0-0: Swinging Strike 0-1: Ground out U3 (Groundball, 3S) | | Batting: RHB Tommy McLaughlin | 0-0: Foul Ball, location: 2F 0-1: Ground out 1-3 (Groundball, P) | | Bottom of the 8th over - 0 runs, 0 hits, 0 errors, 0 left on base; Duke 8 - LSU 11 | | TOP OF THE 9TH |
|---|
| Duke Blue Devils batting - Pitching for LSU Tigers : LHP Evan Schultz | | Now at 1B: Mark Bisordi | | | Batting: RHB Joey Villicana | 0-0: Called Strike 0-1: Fly out, F6 (Line Drive, 6) | | Batting: RHB David Flores | 0-0: Ball 1-0: Foul Ball, location: 2F 1-1: Ball 2-1: Fly out, F8 (Flyball, 8LM) | | Batting: LHB Roy Hartford | 0-0: Bunt for hit - play at first, batter safe! | | Batting: SHB Aaron LaRue | 0-0: Ball 1-0: Called Strike 1-1: Ball 2-1: Ground out 1-3 (Groundball, P) | | Top of the 9th over - 0 runs, 1 hit, 0 errors, 1 left on base; Duke 8 - LSU 11 | |